 Dungeon Crawl Stone Soup version 0.27.1-2-g3b301248ec (webtiles) character file.

Game seed: 10518567912663149456

3377 Borgoz the Fighter (level 10, -7/64 HPs)
             Began as a Gargoyle Berserker on Sept 24, 2021.
             Was a High Priest of Trog.
             Mangled by an orc knight (41 damage)
             ... in a bailey.
             The game lasted 00:11:08 (8528 turns).

Borgoz the Fighter (Gargoyle Berserker)             Turns: 8528, Time: 00:11:09

Health: -7/64      AC: 17    Str: 20    XL:     10   Next: 3%
Magic:  10/10      EV: 13    Int: 15    God:    Trog [*****.]
Gold:   357        SH:  0    Dex: 12    Spells: 9/9 levels left

rFire    . . .     SeeInvis +   x - +2 flail (protect)
rCold    . . .     Faith    .   (no shield)
rNeg     + . .     Spirit   .   g - +2 leather armour {Will+}
rPois    ∞         Reflect  .   v - +0 helmet
rElec    +         Harm     .   k - +0 cloak
rCorr    .         Rampage  .   i - +0 pair of gloves
Will     +....                  (no boots)
Stlth    +.........             (no amulet)
HPRegen  0.20/turn              b - +6 ring of intelligence
MPRegen  0.12/turn              u - ring of see invisible

@: no status effects
A: sickness immunity, AC +7, negative energy resistance 1, electricity
resistance, torment resistance 1, petrification resistance
a: Renounce Religion, Berserk, Trog's Hand, Brothers in Arms


You were in a bailey.
You worshipped Trog.
Trog was extremely pleased with you.
You visited 1 branch of the dungeon, and saw 7 of its levels.
You also visited: Sewer and Bailey.

You collected 357 gold pieces.

Inventory:

Hand Weapons
 x - a +2 flail of protection (weapon)
Armour
 g - a +2 leather armour of willpower (worn)
 i - a +0 pair of gloves (worn)
 k - a +0 cloak (worn)
 v - a +0 helmet (worn)
Jewellery
 b - a +6 ring of intelligence (left hand)
 u - a ring of see invisible (right hand)
Wands
 m - a wand of digging (4)
Scrolls
 a - a scroll of fear {unknown}
 c - 2 scrolls of vulnerability {unknown}
 d - a scroll of noise {unknown}
 f - a scroll of teleportation {unknown}
 h - 2 scrolls of enchant armour {unknown}
 j - 2 scrolls of fog {unknown}
 l - 2 scrolls of blinking {unknown}
 r - a scroll of enchant weapon {unknown}
Potions
 e - 6 potions of flight
 n - a potion of mutation
 o - a potion of magic
 p - a potion of might
 q - 4 potions of curing
 s - a potion of haste
 t - a potion of berserk rage {unknown}
 w - a potion of degeneration {unknown}
 z - a potion of brilliance {unknown}


   Skills:
 + Level 8.2 Fighting
 + Level 7.7 Maces & Flails
 + Level 7.9 Armour
 + Level 5.9 Dodging


You had 9 spell levels left.
You didn't know any spells.
Your spell library was empty.

Dungeon Overview and Level Annotations

Branches:
Dungeon (7/15)             Temple (0/1) D:6           Sewer (visited)
 Bailey (1/1)

Altars:
Ashenzari
Cheibriados
Elyvilon
Hepliaklqana
Ru
Uskayaw
Xom
Yredelemnul
Zin

Shops:
D:6 *


Innate Abilities, Weirdness & Mutations

You are immune to sickness and miasma.
Your stone body is resilient. (AC +7)
You are immune to poison.
You resist negative energy. (rN+)
You are resistant to electric shocks. (rElec)
You are resistant to unholy torment.
You are immune to petrification.


Message History

Trog accepts your kill.
Things that are here:
a +0 halberd; a +0 chain mail
There is an open door here.
The orc knight roars a battlecry!
The orcs go into a battle-frenzy!
The orc knight hits you from afar with a +0 glaive!!
There is an open door here.
You close the door.
You start resting.
HP restored.
You open the door.
The orc warrior shouts!
The orc knight shouts!
The orc knight roars a battlecry!
The orcs go into a battle-frenzy!
There is an open door here.
The orc knight roars a battlecry!
The orc knight goes into a battle-frenzy!
You open the door.
There is an open door here.
You open the large door.
Found 58 gold pieces.
There is a large open door here.
There is a large open door here.
You now have 308 gold pieces (gained 9).
You now have 321 gold pieces (gained 13).
You now have 341 gold pieces (gained 20).
You now have 357 gold pieces (gained 16).
There is a large open door here.
There is a large open door here.
The orc knight roars a battlecry!
The orc warrior goes into a battle-frenzy!
There is an open door here.
The orc knight roars a battlecry!
The orc knight goes into a battle-frenzy!
The orc knight hits you from afar with a +0 halberd!!
The orc knight hits you from afar with a +0 glaive.
The orc knight hits you from afar with a +0 halberd!!!
Ouch! That really hurt!
You die...

#.≈....).....##.....##....)..
#.≈.#########'###'###########
#.≈.##.....##........
#.≈))##...##..≈≈≈≈≈§§ #
#.≈≈..##.##§.≈≈.....≈ ##
#∩.≈≈..#'#.§≈§..⌠∩⌠.§ #.
##.≈≈..#'#..≈≈oo.⌠... #.
#.≈≈..##.##..≈≈oo...≈ ##
#.≈..##...'#@.≈≈§≈≈≈≈ #
#.≈.##.....##........ #.$$$.
#.≈.#############+### ######
#.≈..........## ####
#.≈≈≈≈≈≈≈≈≈≈..## #######≈≈≈
#..........≈≈).## ##)).##....
##########..≈≈).###).≈..##.##
##..≈≈...))≈≈...##..
##..≈≈≈≈≈≈≈..######


You could see 2 orc knights and 2 orc warriors.

Vanquished Creatures
  Pikel (D:7)
  Sigmund (D:4)
  Eustachio (D:5)
  A water moccasin (D:6)
  An ice beast (D:5)
  2 sky beasts (D:5)
  3 black bears
  An ogre (D:6)
  An orc warrior (Bailey)
  4 necrophages (D:4)
  A centaur (D:6)
  A kobold brigand (Sewer)
  2 scorpions
  2 bullfrogs (D:7)
  A water moccasin zombie (D:4)
  A water moccasin skeleton (D:5)
  2 wights (D:4)
  3 crimson imps (D:6)
  A gnoll shaman (D:6)
  A human zombie (D:4)
  A centaur zombie (D:4)
  A bullfrog skeleton (D:6)
  A centaur skeleton (D:5)
  3 hounds
  A jelly (D:6)
  4 iguanas
  An orc wizard (D:3)
  Natasha (thrice) (D:4)
  2 hound zombies (D:4)
  A howler monkey zombie (D:5)
  A mummy (D:4)
  6 gnolls
  5 adders
  2 river rats (D:4)
  A white imp (D:6)
  2 ufetubi
  2 adder zombies
  3 worms
  2 dart slugs
  21 orcs
  4 bats
  11 endoplasms
  5 giant cockroaches
  8 goblins
  10 hobgoblins
  10 jackals
  9 kobolds
  5 quokkas
  9 ball pythons
  A frilled lizard (D:2)
  10 rats
176 creatures vanquished.

Vanquished Creatures (others)
  6 fungi (D:7)
6 creatures vanquished.

Grand Total: 182 creatures vanquished

Notes
Turn   | Place    | Note
-------+----------+-------------------------------------------
     0 | D:1      | Borgoz the Gargoyle Berserker began the quest for the Orb.
     0 | D:1      | Reached XP level 1. HP: 14/14 MP: 1/1
   350 | D:1      | Reached XP level 2. HP: 12/19 MP: 2/2
   830 | D:1      | Found a faded altar of an unknown god.
   914 | D:1      | Reached XP level 3. HP: 13/23 MP: 3/3
  1374 | D:2      | Reached ** piety under Trog
  1814 | D:2      | Reached XP level 4. HP: 17/29 MP: 4/4
  2398 | D:3      | Found a glowing silver altar of Zin.
  2510 | D:3      | Reached skill level 4 in Fighting
  2679 | D:3      | Reached XP level 5. HP: 23/33 MP: 5/5
  3202 | D:3      | Reached *** piety under Trog
  3623 | D:4      | Noticed Sigmund
  3626 | D:4      | Killed Sigmund
  3627 | D:4      | Reached XP level 6. HP: 39/39 MP: 6/6
  3899 | D:4      | Found a broken altar of Ashenzari.
  3948 | D:4      | Found a glowing drain.
  3963 | D:4      | Reached skill level 5 in Fighting
  3996 | Sewer    | Entered a sewer
  4074 | Sewer    | Reached XP level 7. HP: 44/44 MP: 7/7
  4107 | Sewer    | Found a white marble altar of Elyvilon.
  4230 | D:4      | Found a hide-covered altar of Uskayaw.
  4331 | D:4      | Reached skill level 5 in Maces & Flails
  4516 | D:4      | Reached skill level 5 in Armour
  4553 | D:4      | Reached XP level 8. HP: 49/51 MP: 8/8
  4769 | D:4      | Reached skill level 6 in Fighting
  4863 | D:4      | Found a basalt altar of Yredelemnul.
  5074 | D:4      | Noticed Natasha
  5080 | D:4      | Killed Natasha
  5313 | D:4      | Found a white marble altar of Elyvilon.
  5519 | D:4      | Noticed Natasha
  5530 | D:4      | Killed Natasha
  5549 | D:4      | Noticed Natasha
  5558 | D:4      | Killed Natasha
  5585 | D:5      | Entered Level 5 of the Dungeon
  5585 | D:5      | Noticed Eustachio
  5673 | D:5      | Reached **** piety under Trog
  5680 | D:5      | Killed Eustachio
  5782 | D:5      | You fall into a shaft and drop 1 floor!
  5906 | D:5      | Found a snail-covered altar of Cheibriados.
  6092 | D:5      | Reached XP level 9. HP: 55/56 MP: 9/9
  6128 | D:5      | Reached skill level 7 in Fighting
  6366 | D:5      | Reached skill level 5 in Dodging
  6879 | D:6      | Found Pyadogh's Neck Hole.
  7064 | D:6      | Found a staircase to the Ecumenical Temple.
  7296 | D:6      | Found a sacrificial altar of Ru.
  7320 | D:6      | Found a hazy altar of Hepliaklqana.
  7440 | D:6      | Found a shimmering altar of Xom.
  7884 | D:7      | Noticed Pikel
  7901 | D:7      | Killed Pikel
  7902 | D:7      | Reached skill level 8 in Fighting
  7912 | D:7      | Reached XP level 10. HP: 57/64 MP: 10/10
  7934 | D:7      | Found a flagged portal.
  7958 | Bailey   | Entered a bailey
  8098 | Bailey   | Reached ***** piety under Trog
  8275 | Bailey   | Noticed an orc knight
  8275 | Bailey   | Noticed an orc knight
  8528 | Bailey   | Mangled by an orc knight

Illustrated notes

Levels and vault maps discovered:
D:1:      nicolae_arrival_memento_mori, layout_loops_cross,
          ebering_ecumenical_altar_sacrificial, chequers_mini_garden,
          minmay_fountain_box
D:2:      layout_loops_ring
D:3:      layout_basic, zin_statuary
D:4:      layout_loops_corners, lemuel_mausoleum_altar_yredelemnul,
          nicolae_uskayaw_murder_on_the_dancefloor,
          lemuel_coloured_pillars_altar, mainiacjoe_overflow_brackets,
          portal_sewer_entry_a, minmay_diced_spiral, uniq_sigmund, uniq_natasha
D:5:      layout_basic, lemuel_crystal_altar, kennysheep_dice, uniq_eustachio
D:6:      layout_basic, lemuel_round_altar, mainiacjoe_overflow_cross_hatched,
          led_xom_imps, minmay_temple_entry_drinking_statues,
          nicolae_shop_sticking_my_neck_out
D:7:      layout_basic, mainiacjoe_overflow_alcove_4, lemuel_blue_sif_altar,
          enter_bailey_4, uniq_pikel, uniq_menkaure
Bailey:   bailey_polearm_1, bailey

Skill      XL: |  1  2  3  4  5  6  7  8  9 |
---------------+----------------------------+-----
Dodging        | 2 3 4 5 |  5.9
Armour         | 3 4 5 6 7 |  7.9
Fighting       | 4 5 6 8 |  8.2
Maces & Flails | 4 5 6 7 |  7.7

Action                   |  1- 3 |  4- 6 |  7- 9 | 10-12 || total
-------------------------+-------+-------+-------+-------++-------
Melee: Mace              |   118 |    43 |       |       ||   161
       Flail             |       |   117 |   388 |    42 ||   547
Invok: Berserk           |     1 |     6 |     6 |     1 ||    14
       Trog's Hand       |       |     1 |       |       ||     1
  Use: Scroll            |       |       |     4 |       ||     4
 Stab: Sleeping          |     2 |       |     1 |       ||     3
Armor: Animal skin       |    34 |    50 |    40 |       ||   124
       Leather armour    |       |       |   180 |    43 ||   223
Dodge: Dodged            |    66 |    98 |   322 |    92 ||   578
